AoeStats
← Beta

Northern Isles

510355818Analyzed
1v1 RM · 1d ago on Sep 30, 2026· 42m 15s· 2 players
Game mode
Random Map
Map size
Tiny (2 player)
Population
200
Speed
Normal
Resources
Standard
Victory
Conquest
Starting age
Dark Age
Ending age
Imperial Age
RankedLock teamsTeams togetherTeam positionsShared explorationLock speedFull tech treeHidden civsTurbo modeCheats
Victory
Defeat
🇨🇴 Romans · Colombia
854
+17
🇩🇪 Vietnamese · Germany
879
-17
jpruiz84
3:22 Loom
12:32 Feudal Age
13:45 Double-Bit Axe
16:30 Fishing Lines
19:06 Castle Age
17:10 Gold Mining
17:15 Stone Mining
19:45 Demolition Ship
20:39 Medium Warships
20:38 Gillnets
21:35 Bow Saw
24:16 Wheelbarrow
23:27 Town Watch
31:10 Ballistics
31:02 Careening
31:04 Clinker Construction
31:11 Careening
31:16 Clinker Construction
31:55 Gold Shaft Mining
35:05 Fletching
35:26 Forging
35:22 Scale Barding Armor
35:17 Scale Mail Armor
38:42 Imperial Age
36:37 Bodkin Arrow
37:22 Iron Casting
36:53 Scale Barding Armor
37:06 Masonry
38:53 Bloodlines
38:44 Husbandry
40:47 Heavy Warships
41:41 Murder Holes
42:47 Chemistry
42:18 Architecture
Beta
11:35 Feudal Age
12:37 Double-Bit Axe
12:35 Horse Collar
13:51 Fishing Lines
14:27 Loom
17:57 Castle Age
16:00 Gold Mining
17:41 Forging
17:37 Fletching
18:52 Medium Warships
19:56 Iron Casting
21:34 Gillnets
23:38 Bodkin Arrow
25:49 Careening
27:06 Ballistics
27:58 Clinker Construction
36:08 Wheelbarrow
35:19 Town Watch
38:37 Imperial Age
39:44 Bow Saw
39:36 Heavy Plow
41:38 Heavy Warships
Connection lost

Rejoining the realm…

Still unreachable

The connection could not be restored.

Session expired

The server has moved on; the page needs a fresh start.